 Dungeon Crawl Stone Soup version 0.23.2-33-g5129a83184 (webtiles) character file.

Game seed: 3956779772151792963

24790 DildoBatman the Black Sun (level 13, -6/107 HPs)
             Began as a Formicid Wizard on Aug 12, 2019.
             Was a High Priest of Kikubaaqudgha.
             Killed from afar by a deep elf knight (29 damage)
             ... with a stone arrow
             ... on level 12 of the Dungeon.
             The game lasted 01:18:28 (14093 turns).

DildoBatman the Black Sun (Formicid Wizard)        Turns: 14093, Time: 01:18:29

Health: -6/107     AC: 11    Str: 12    XL:     13   Next: 45%
Magic:  4/22       EV: 13    Int: 25    God:    Kikubaaqudgha [*****.]
Gold:   1621       SH:  0    Dex:  9    Spells: 2/24 levels left

rFire    . . .     SeeInvis +   a - +5 hunting sling (velocity)
rCold    . . .     Gourm    .   (no shield)
rNeg     . . .     Faith    +   o - +1 troll leather armour
rPois    .         Spirit   .   (helmet unavailable)
rElec    .         Reflect  .   E - +2 cloak {MR+}
rCorr    .         Harm     .   (no gloves)
MR       ++...                  (no boots)
Stlth    +++.......             r - amulet of faith
HPRegen  0.67/turn              n - ring of ice
MPRegen  0.18/turn              D - ring of fire

@: no status effects
A: permanent stasis, dig shafts and tunnels, four strong arms, antennae 3,
molten scales 1, blurry vision 1, clever 1, robust 1
a: Dig, Shaft Self, Receive Corpses, Torment, Renounce Religion


You were on level 12 of the Dungeon.
You worshipped Kikubaaqudgha.
Kikubaaqudgha was extremely pleased with you.
You were very hungry.

You visited 3 branches of the dungeon, and saw 15 of its levels.
You also visited: Volcano.

You collected 1783 gold pieces.
You spent 162 gold pieces at shops.

Inventory:

Hand Weapons
 a - a +5 hunting sling of velocity (weapon)
 b - a +3 bardiche
Missiles
 h - 192 stones
 j - 301 arrows
 p - 7 sling bullets (quivered)
 y - 47 bolts
Armour
 o - a +1 troll leather armour (worn)
 E - a +2 cloak of magic resistance (worn)
Magical Staves
 i - an uncursed staff of wizardry {unknown}
Jewellery
 c - an uncursed ring of fire
 m - an uncursed amulet of magic regeneration
 n - a ring of ice (left hand)
 r - an amulet of faith (around neck)
 s - an uncursed ring of flight
 D - a ring of fire (right hand)
 I - an uncursed amulet of the acrobat
Scrolls
 k - a scroll of immolation {unknown}
 q - a scroll of identify
 t - 2 scrolls of amnesia
 u - a scroll of enchant weapon
 x - 3 scrolls of remove curse
 A - 5 scrolls of fog
 M - a scroll of random uselessness {unknown}
Potions
 d - 2 potions of flight
 e - 2 potions of curing
 f - 2 potions of magic {unknown}
 l - a potion of might
 B - a potion of brilliance {unknown}
Comestibles
 v - 17 rations


   Skills:
 * Level 7.7 Fighting
 - Level 2.1 Slings
 * Level 7.7 Armour
 * Level 5.6 Dodging
 - Level 6.0 Stealth
 - Level 6.0 Spellcasting
 - Level 6.0 Conjurations
   Level 1.0 Summonings
 - Level 8.2 Necromancy
   Level 0.8 Translocations
 - Level 4.8 Fire Magic
 - Level 4.0 Air Magic
 - Level 8.2 Earth Magic
 - Level 8.1 Poison Magic
 - Level 8.1 Evocations


You had 2 spell levels left.
You knew the following spells:

 Your Spells              Type           Power        Failure   Level  Hunger
a - Conjure Flame         Conj/Fire      ######..     3%          3    None
b - Borgnjor's Vile Clut  Necr/Erth      #####.....   9%          5    #####..
c - Magic Dart            Conj           ####         1%          1    None
d - Vampiric Draining     Necr           #####.....   1%          3    None
e - Mephitic Cloud        Conj/Pois/Air  #####...     2%          3    None
h - Dispel Undead         Necr           #####...     9%          5    #####..
z - Sublimation of Blood  Necr           #####.....   1%          2    None

Your spell library contained the following spells:

 Spells                   Type           Power        Failure   Level  Hunger
 Animate Skeleton         Necr           N/A          1%          1    None
 Pain                     Necr           ####         1%          1    None
 Corpse Rot               Necr           N/A          1%          2    None
 Apportation              Tloc           ##....       6%          1    None
 Summon Small Mammal      Summ           ##..         6%          1    None
 Confusing Touch          Hex            #.....       9%          1    None
 Call Imp                 Summ           ##......     9%          2    None
 Slow                     Hex            #.......     14%         2    None
 Agony                    Necr           #####...     9%          5    #####..
 Petrify                  Tmut/Erth      ####....     17%         4    ###....
 Gell's Gravitas          Tloc           ##........   19%         3    None
 Confuse                  Hex            #.......     26%         3    None
 Excruciating Wounds      Chrm/Necr      ####......   43%         5    #####..
 Metabolic Englaciation   Hex/Ice        ##........   94%         5    #####..
 Yara's Violent Unravell  Hex/Tmut       #.........   94%         5    #####..
 Simulacrum               Ice/Necr       #####.....   95%         6    ######.
 Blink                    Tloc           Unusable     N/A         2    N/A

Dungeon Overview and Level Annotations

Branches:
Dungeon (12/15)            Temple (1/1) D:6            Lair (0/6) D:8
    Orc (2/2) D:11            Elf (0/3) Orc:2

Altars:
Ashenzari
Cheibriados
Dithmenos
Elyvilon
Fedhas
Gozag
Hepliaklqana
Kikubaaqudgha
Makhleb
Nemelex Xobeh
Okawaru
Qazlal
Ru
Sif Muna
Trog
Uskayaw
Vehumet
Wu Jian
Xom
Yredelemnul
Zin
The Shining One
Beogh

Shops:
D:4 *   D:9 [   Orc:2 %!:[=

Annotations:
D:12 nano's ghost, journeyman DDBe
Temple exclusion: sky beast


Innate Abilities, Weirdness & Mutations

You cannot be hasted, slowed, berserked, paralysed or teleported.
You can dig through walls and to a lower floor.
Your four strong arms can wield two-handed weapons with a shield.
You have a pair of large antennae on your head. (SInv)
You are partially covered in molten scales. (AC +2)
Scrolls take you a little longer to read.
Your mind is acute. (Int +2)
You are robust. (+10% HP)


Message History

Nano's ghost hits you!
You retract your mandibles.
You feel sick.
You feel sick.
The deep elf knight gestures at you while chanting.
The orb of energy hits you!
You feel sick.
You extend your mandibles.
You dig through the rock wall.
You dig through the rock wall.
Okay, then.
You retract your mandibles.
You are feeling very hungry.
You feel sick.
You are no longer poisoned.
There is a stone staircase leading up here.
The deep elf knight gestures at you while chanting.
The stone arrow hits you!!
You die...
Kikubaaqudgha rasps: "You have failed me!
Welcome... death!"

#.#(##.......##..# #.#
#...#...
8.#)##.......##..# #.#
#...#...
..Qo##.......##..# #.#
#...#...
..'..#........#..# #.#
#...#...
..'..........#...# #.#
#...#...
8.#.##..####.##e.# #.#
#...#... #.#.##..#
#.##.W# #.# #...#...
..#.##..# #.##.<# #.#
#...#... ######..#
#.##.@####.# #...#...
...# #..# #.##.......#
#.(.#... ...# #..#
#.##.......####...#...
...###..#
#.##...##...(())).#...
..)))...#
#>##...##....).)..#...
....##..#
#......##...###...#...
....##..# #......##...#
#.....(.
##..##..####......##...#
#....(.#
#..##............##...#
#......#


You could see a deep elf knight and nano's ghost.

Vanquished Creatures
  Rupert (D:12)
  Erolcha (D:9)
  A naga warrior (D:12)
  2 centaur warriors (D:12)
  A two-headed ogre (D:11)
  A tengu warrior (D:12)
  An orc high priest (Orc:2)
  2 unseen horrors (D:11)
  A lindwurm (Orc:1)
  Pikel (D:4)
  2 orc knights (Orc:2)
  An oklob plant (Orc:1)
  3 cyclopes
  A manticore (D:11)
  2 salamanders (Volcano)
  4 orc sorcerers (Orc:2)
  2 trolls (Orc:2)
  2 hornets
  Sigmund (D:6)
  2 wraiths (D:12)
  A wyvern (D:11)
  2 hungry ghosts
  12 yaks
  Menkaure (D:7)
  2 wargs
  2 soldier ants
  20 orc warriors
  3 sky beasts
  Duvessa (D:5)
  2 ice beasts
  4 slaves (D:4)
  A hornet zombie (D:12)
  A black bear (D:6)
  An eye of draining (D:10)
  8 ogres
  8 centaurs
  3 big kobolds
  4 bullfrogs
  Dowan (D:5)
  4 scorpions
  4 killer bees (D:8)
  10 wights
  A howler monkey (D:9)
  A crimson imp (D:8)
  A centaur zombie (D:10)
  2 bullfrog zombies
  2 jellies
  27 orc wizards
  3 bullfrog skeletons
  18 orc priests
  3 centaur skeletons
  6 hounds
  Crazy Yiuf (D:3)
  Ijyb (D:2)
  5 worker ants
  2 hound zombies
  A worker ant zombie (D:8)
  7 gnolls
  2 howler monkey skeletons
  7 adders
  A shadow imp (D:11)
  An adder skeleton (D:4)
  A worm (D:2)
  4 dart slugs
  11 leopard geckos
  51 orcs
  3 giant cockroaches
  6 goblins
  11 hobgoblins
  3 jackals (D:6)
  15 kobolds
  A quokka (D:11)
  A ball python (D:5)
  3 bats
  A frilled lizard (D:2)
  A quokka zombie (D:9)
  6 rats
337 creatures vanquished.

Vanquished Creatures (others)
  An orc priest (Orc:2)
1 creature vanquished.

Grand Total: 338 creatures vanquished

Notes
Turn   | Place    | Note
-------+----------+-------------------------------------------
     0 | D:1      | DildoBatman the Formicid Wizard began the quest for the
                  | Orb.
     0 | D:1      | Reached XP level 1. HP: 13/13 MP: 4/4
    34 | D:1      | Reached skill level 1 in Conjurations
   202 | D:1      | Reached XP level 2. HP: 13/19 MP: 1/6
   646 | D:1      | Reached XP level 3. HP: 23/24 MP: 0/7
   651 | D:1      | Learned a level 3 spell: Conjure Flame
   655 | D:1      | Learned a level 3 spell: Mephitic Cloud
  1219 | D:2      | Found a burning altar of Makhleb.
  1275 | D:2      | Found an ornate altar of the Wu Jian Council.
  1407 | D:2      | Found a white marble altar of Elyvilon.
  1494 | D:2      | Reached XP level 4. HP: 30/30 MP: 3/8
  2162 | D:3      | Noticed Ijyb
  2178 | D:3      | Reached XP level 5. HP: 35/35 MP: 4/9
  2947 | D:3      | Found a runed translucent door.
  2948 | D:3      | Noticed Crazy Yiuf
  3433 | D:4      | Found Akenuics's General Store.
  3441 | D:4      | Bought a scroll of remove curse for 30 gold pieces
  3666 | D:5      | Entered Level 5 of the Dungeon
  3763 | D:5      | Found a burning altar of Makhleb.
  3778 | D:5      | Found a sparkling altar of Nemelex Xobeh.
  3964 | D:5      | Noticed an ice beast
  4073 | D:5      | Noticed Duvessa
  4073 | D:5      | Noticed Dowan
  4179 | D:5      | Found a glowing silver altar of Zin.
  4347 | D:5      | Reached XP level 6. HP: 41/41 MP: 6/10
  4618 | D:6      | Noticed Sigmund
  4661 | D:6      | Noticed a black bear
  4681 | D:6      | Noticed an ogre
  4744 | D:6      | Noticed a sky beast
  4764 | D:6      | Found a staircase to the Ecumenical Temple.
  4813 | Temple   | Entered the Ecumenical Temple
  5228 | D:7      | Noticed Menkaure
  5229 | D:7      | Noticed a sky beast
  5242 | D:6      | Reached skill level 5 in Conjurations
  5306 | D:6      | Killed a black bear
  5385 | D:6      | Reached XP level 7. HP: 24/46 MP: 4/11
  5465 | D:6      | Reached skill level 5 in Stealth
  5718 | D:6      | Reached skill level 1 in Fire Magic
  5718 | D:6      | Reached skill level 1 in Poison Magic
  5973 | D:7      | Reached skill level 1 in Air Magic
  5973 | D:7      | Reached XP level 8. HP: 52/52 MP: 5/12
  6037 | D:7      | Found an ancient bone altar of Kikubaaqudgha.
  6077 | D:7      | Became a worshipper of Kikubaaqudgha
  6198 | D:6      | Killed Sigmund
  6456 | D:5      | Killed Dowan
  6459 | D:5      | Killed Duvessa
  6528 | D:4      | Reached skill level 5 in Poison Magic
  6638 | D:4      | Noticed Pikel
  6669 | D:4      | Killed Pikel
  6669 | D:4      | Reached XP level 9. HP: 56/57 MP: 5/13
  6747 | D:4      | Found a radiant altar of Vehumet.
  6941 | D:3      | Killed Crazy Yiuf
  7076 | D:2      | Killed Ijyb
  7143 | D:7      | Killed Menkaure
  7410 | D:7      | You fall through a shaft!
  7432 | D:8      | Reached * piety under Kikubaaqudgha
  7432 | D:8      | Identified Kikubaaqudgha's Volume of Darkness
                  | (Kikubaaqudgha gifted it to you on level 8 of the Dungeon)
  7432 | D:8      | Received a gift from Kikubaaqudgha
  7456 | D:8      | Reached skill level 1 in Slings
  7463 | D:8      | Learned a level 2 spell: Sublimation of Blood
  7547 | D:8      | Reached XP level 10. HP: 50/63 MP: 4/17
  7671 | D:8      | Reached skill level 5 in Spellcasting
  7742 | D:8      | Found a staircase to the Lair.
  7747 | D:8      | Learned a level 3 spell: Vampiric Draining
  8149 | D:8      | Found a sacrificial altar of Ru.
  8151 | D:8      | Found a shadowy altar of Dithmenos.
  8151 | D:8      | Found a hazy altar of Hepliaklqana.
  8222 | D:7      | Reached skill level 1 in Fighting
  8222 | D:7      | Reached skill level 1 in Armour
  8222 | D:7      | Reached skill level 1 in Necromancy
  8222 | D:7      | Reached skill level 1 in Evocations
  8474 | D:9      | Noticed Erolcha
  8563 | D:9      | Killed Erolcha
  8635 | D:9      | Found Pojauf's Armour Boutique.
  8661 | D:9      | Found a bloodstained altar of Trog.
  8661 | D:9      | Found an iron altar of Okawaru.
  8667 | D:9      | Reached ** piety under Kikubaaqudgha
  8859 | D:10     | Entered Level 10 of the Dungeon
  9247 | D:11     | Reached XP level 11. HP: 76/77 MP: 3/18
  9520 | D:11     | Noticed an unseen horror
  9532 | D:11     | Killed an unseen horror
  9553 | D:11     | Noticed a two-headed ogre
  9586 | D:11     | Killed a two-headed ogre
  9586 | D:11     | Reached skill level 5 in Fighting
  9586 | D:11     | Reached skill level 5 in Armour
  9586 | D:11     | Reached skill level 5 in Evocations
  9650 | D:11     | Noticed a manticore
  9661 | D:11     | Killed a manticore
  9661 | D:11     | Reached skill level 5 in Necromancy
  9723 | D:11     | Found a staircase to the Orcish Mines.
  9789 | D:11     | Found a roughly hewn altar of Beogh.
  9855 | D:11     | Noticed an unseen horror
  9865 | D:11     | Killed an unseen horror
 10479 | D:10     | Reached *** piety under Kikubaaqudgha
 10479 | D:10     | Identified Kikubaaqudgha's Grimoire of Necromancy
                  | (Kikubaaqudgha gifted it to you on level 10 of the Dungeon)
 10479 | D:10     | Received a gift from Kikubaaqudgha
 10530 | D:10     | Learned a level 5 spell: Dispel Undead
 11127 | Orc:1    | Entered Level 1 of the Orcish Mines
 11250 | Orc:1    | Found a dark tunnel.
 11251 | Orc:1    | Noticed a lindwurm
 11253 | Orc:1    | Killed a lindwurm
 11262 | Volcano  | Entered a volcano
 11262 | Volcano  | Noticed a salamander
 11264 | Volcano  | Noticed a salamander
 11268 | Volcano  | Noticed a salamander
 11269 | Volcano  | Noticed a salamander
 11269 | Volcano  | Noticed a salamander mystic
 11271 | Volcano  | Noticed a salamander
 11272 | Volcano  | Noticed a salamander
 11274 | Volcano  | Noticed a salamander
 11276 | Volcano  | Noticed a salamander
 11287 | Volcano  | Noticed a red draconian
 11299 | Volcano  | Noticed a salamander
 11313 | Volcano  | Killed a salamander
 11313 | Volcano  | Reached XP level 12. HP: 69/86 MP: 5/21
 11338 | Orc:1    | Learned a level 5 spell: Borgnjor's Vile Clutch
 11494 | Orc:1    | Reached skill level 1 in Earth Magic
 11806 | Orc:2    | Entered Level 2 of the Orcish Mines
 11806 | Orc:2    | Found Weetud's Jewellery Shoppe.
 12105 | Orc:2    | Reached **** piety under Kikubaaqudgha
 12105 | Orc:2    | Reached skill level 5 in Earth Magic
 12341 | Orc:2    | Noticed an orc high priest
 12348 | Orc:2    | Killed an orc high priest
 12539 | Orc:2    | Reached ***** piety under Kikubaaqudgha
 12552 | Orc:2    | Found Ilocomun's Antique Armour Emporium.
 12556 | Orc:2    | Found Nionn's Distillery.
 12557 | Orc:2    | Found Intuahakk's Food Shoppe.
 12560 | Orc:2    | Found Jotaomof's Book Emporium.
 12566 | Orc:2    | Bought a potion of mutation for 88 gold pieces
 12566 | Orc:2    | Bought a potion of degeneration for 11 gold pieces
 12566 | Orc:2    | Bought a potion of flight for 33 gold pieces
 12570 | Orc:2    | Gained mutation: Your mind is acute. (Int +2) [potion of
                  | mutation]
 12570 | Orc:2    | Gained mutation: You possess an exceptional clarity of
                  | mind. [potion of mutation]
 12570 | Orc:2    | Gained mutation: Scrolls take you a little longer to read.
                  | [potion of mutation]
 12570 | Orc:2    | Gained mutation: Your muscles are strong. (Str +2) [potion
                  | of mutation]
 12571 | Orc:2    | Lost mutation: You possess an exceptional clarity of mind.
                  | [potion of mutation]
 12571 | Orc:2    | Lost mutation: Your muscles are strong. (Str +2) [potion of
                  | mutation]
 12571 | Orc:2    | Gained mutation: You are robust. (+10% HP) [potion of
                  | mutation]
 12571 | Orc:2    | Gained mutation: You are partially covered in molten
                  | scales. (AC +2) [potion of mutation]
 12620 | Orc:2    | Found a staircase to the Elven Halls.
 13146 | D:12     | Noticed Rupert
 13284 | D:12     | Reached XP level 13. HP: 76/102 MP: 7/22
 13647 | D:12     | Killed Rupert
 13647 | D:12     | Reached skill level 5 in Dodging
 13786 | D:12     | Found a runed translucent gate.
 13786 | D:12     | Noticed a centaur warrior
 13786 | D:12     | Noticed a centaur warrior
 13787 | D:12     | Found a runed translucent gate.
 13787 | D:12     | Found a runed translucent gate.
 13787 | D:12     | Noticed nano's ghost (journeyman DDBe)
 13789 | D:12     | Noticed a naga warrior
 13790 | D:12     | Found the +5 robe of Night {Dark MR+ SInv}
 13790 | D:12     | Found an iron altar of Okawaru.
 14060 | D:12     | Killed a centaur warrior
 14064 | D:12     | Killed a centaur warrior
 14073 | D:12     | Killed a naga warrior
 14093 | D:12     | Killed from afar by a deep elf knight

Skill      XL: |  1  2  3  4  5  6  7  8  9 10 11 12 13 |
---------------+----------------------------------------+-----
Conjurations   | 1 2 3 4 5 6 |  6.0
Stealth        | 3 4 5 6 |  6.0
Fire Magic     | 1 4 |  4.8
Poison Magic   | 2 6 8 |  8.1
Air Magic      | 1 3 4 |  4.0
Slings         | 2 |  2.1
Spellcasting   | 4 5 6 |  6.0
Dodging        | 3 4 5 |  5.6
Fighting       | 4 5 6 7 |  7.7
Armour         | 4 5 6 7 |  7.7
Necromancy     | 3 7 8 |  8.2
Evocations     | 4 6 7 8 |  8.1
Earth Magic    | 8 |  8.2
Summonings     | |  1.0
Translocations | |  0.8

Action                   |  1- 3 |  4- 6 |  7- 9 | 10-12 | 13-15 || total
-------------------------+-------+-------+-------+-------+-------++-------
Melee: Unarmed           |    10 |       |       |       |       ||    10
       Club              |     6 |       |       |       |       ||     6
       Morningstar       |     3 |     8 |       |       |       ||    11
       Short sword       |       |     1 |       |       |       ||     1
       War axe           |       |       |       |     6 |       ||     6
 Fire: Hunting sling     |       |    59 |   101 |   599 |    57 ||   816
 Cast: Magic Dart        |    64 |    71 |   106 |   113 |       ||   354
       Mephitic Cloud    |     1 |    26 |    29 |    90 |     2 ||   148
       Conjure Flame     |       |     5 |    31 |    54 |    10 ||   100
       Vampiric Draining |       |       |       |    30 |       ||    30
       Dispel Undead     |       |       |       |     3 |     3 ||     6
       Borgnjor's Vile C |       |       |       |    19 |     7 ||    26
       Sublimation of Bl |       |       |       |     2 |     1 ||     3
 Abil: Dig               |     1 |    11 |     6 |    29 |    10 ||    57
  Use: Scroll            |       |     5 |       |    14 |       ||    19
       Potion            |       |       |       |     7 |       ||     7
 Stab: Confused          |       |     1 |       |       |       ||     1
  Eat: Chunk             |     2 |    10 |    11 |    30 |     5 ||    58
       Ration            |       |     2 |       |     1 |       ||     3
Armor: Robe              |     5 |    10 |     9 |    28 |       ||    52
       Troll leather arm |       |       |       |    22 |     5 ||    27
Dodge: Dodged            |     6 |    47 |    44 |   110 |    13 ||   220
